[ AOE2 MATCH · #493660463 ]
UnrankedSpanish vs Huns
Player's team · WIN
[ REPLAY ANALYSIS · EXTRACTED FROM THE RECORDED GAME ]
Feudal
15:42
Castle
21:09
Imperial
30:52
| APM avg | 20.8 |
| APM peak | 43 |
| eAPM avg | 14.8 |
| Villagers / military | 37 / 11 |
Focus
⚔️ 19.9% · 🌾 80.1%
Fishing Ship ×21 · Militia ×5 · Unknown (2626) ×3 · Battering Ram ×2 · Scout Cavalry ×2 · Trebuchet (Packed) ×2
Feudal
12:46
Castle
18:22
Imperial
—
| APM avg | 28.9 |
| APM peak | 50 |
| eAPM avg | 17.0 |
| Villagers / military | 58 / 23 |
Focus
⚔️ 31.0% · 🌾 69.0%
Fishing Ship ×14 · Demolition Raft ×14 · Fire Galley ×9
Match map
Initial resources + every placement click. Lines = walls · curves = elevation contours. ◆ gold · ⬟ stone · ● berries · ✦ relic · ◌ wall gap
Your base· Open — unwalled flank
1987's base· Open — unwalled flank
Smoothed initial terrain · ◌ = detected wall gap · hover for details
Inputs per minute
— Mobilli93 - - 1987
Build order — Mobilli93
139 actions detected in the replay
| 0:22 | Build | House |
| 0:28 | Build | Town Center |
| 0:48 | Build | House |
| 1:14 | Build | Dock |
| 2:40 | Create | Villager (Male) |
| 2:40 | Create | Villager (Male) |
| 2:40 | Create | Villager (Male) |
| 2:40 | Create | Villager (Male) |
| 3:20 | Create | Villager (Male) |
| 4:01 | Create | Villager (Male) |
| 4:40 | Research | Loom |
| 4:41 | Create | Villager (Male) |
| 4:41 | Create | Villager (Male) |
| 4:51 | Create | Villager (Male) |
| 5:27 | Create | Villager (Male) |
| 5:31 | Build | House |
| 5:50 | Create | Villager (Male) |
| 5:59 | Build | House |
| 6:12 | Create | Villager (Male) |
| 6:31 | Create | Villager (Male) |
| 7:25 | Create | Villager (Male) |
| 7:26 | Create | Villager (Male) |
| 8:02 | Create | Fishing Ship |
| 8:03 | Create | Fishing Ship |
| 8:43 | Create | Fishing Ship |
| 8:45 | Create | Fishing Ship |
| 9:04 | Create | Villager (Male) |
| 9:05 | Create | Villager (Male) |
| 9:08 | Create | Villager (Male) |
| 9:22 | Build | Dock |
| 9:27 | Create | Villager (Male) |
| 9:32 | Build | House |
| 9:55 | Create | Villager (Male) |
| 9:58 | Create | Fishing Ship |
| 9:59 | Create | Fishing Ship |
| 10:06 | Build | House |
| 10:07 | Build | House |
| 10:50 | Create | Fishing Ship |
| 11:12 | Create | Villager (Male) |
| 11:12 | Create | Villager (Male) |
| 11:16 | Create | Villager (Male) |
| 11:19 | Create | Fishing Ship |
| 11:22 | Create | Fishing Ship |
| 11:59 | Create | Fishing Ship |
| 12:26 | Create | Villager (Male) |
| 12:37 | Create | Fishing Ship |
| 13:04 | Build | Lumber Camp |
| 13:07 | Create | Villager (Male) |
| 13:25 | Research | Feudal Age |
| 13:36 | Build | House |
| 13:37 | Build | House |
| 13:49 | Create | Fishing Ship |
| 14:14 | Build | House |
| 14:24 | Build | Dock |
| 14:32 | Create | Villager (Male) |
| 14:32 | Create | Villager (Male) |
| 14:32 | Create | Villager (Male) |
| 14:39 | Build | Barracks |
| 14:43 | Build | House |
| 14:44 | Build | House |
| 14:58 | Create | Fishing Ship |
| 15:00 | Create | Fishing Ship |
| 15:11 | Build | Mining Camp |
| 15:22 | Build | Dock |
| 15:28 | Create | Militia |
| 15:29 | Create | Militia |
| 15:42 | Age | Feudal Age |
| 15:43 | Research | Double-Bit Axe |
| 16:09 | Research | Tech 906 |
| 16:20 | Research | Arson |
| 16:27 | Create | Villager (Male) |
| 16:39 | Build | Blacksmith |
| 16:47 | Research | Town Watch |
| 16:52 | Build | Outpost |
| 16:59 | Build | Outpost |
| 17:01 | Create | Villager (Male) |
| 17:02 | Create | Villager (Male) |
| 17:11 | Research | Man-at-Arms (upgrade) |
| 17:31 | Build | Stable |
| 17:34 | Create | Militia |
| 17:34 | Create | Militia |
| 17:35 | Create | Militia |
| 17:55 | Build | Mining Camp |
| 18:21 | Research | Forging |
| 18:22 | Research | Fletching |
| 18:28 | Research | Castle Age |
| 18:48 | Build | Watch Tower |
| 19:56 | Build | Watch Tower |
| 20:13 | Build | Watch Tower |
| 20:24 | Create | Villager (Male) |
| 20:25 | Create | Villager (Male) |
| 20:28 | Research | Stone Mining |
| 21:09 | Age | Castle Age |
| 21:36 | Build | Siege Workshop |
| 21:45 | Build | Lumber Camp |
| 21:46 | Create | Villager (Male) |
| 21:47 | Create | Villager (Male) |
| 21:47 | Create | Villager (Male) |
| 21:59 | Research | Gillnets |
| 22:00 | Create | Fishing Ship |
| 22:00 | Create | Fishing Ship |
| 22:19 | Create | Battering Ram |
| 22:20 | Create | Battering Ram |
| 23:05 | Build | Mill |
| 23:10 | Create | Scout Cavalry |
| 23:10 | Create | Scout Cavalry |
| 23:14 | Create | Villager (Male) |
| 23:18 | Research | Bow Saw |
| 23:23 | Create | Unit 2626 |
| 23:27 | Build | House |
| 23:28 | Build | House |
| 23:30 | Build | House |
| 24:01 | Build | Market |
| 24:34 | Create | Unit 2626 |
| 24:39 | Research | Iron Casting |
| 24:54 | Build | Mining Camp |
| 25:13 | Build | Castle |
| 25:50 | Build | Dock |
| 25:55 | Research | Bodkin Arrow |
| 26:19 | Build | Mining Camp |
| 26:46 | Build | Dock |
| 26:52 | Build | Dock |
| 26:58 | Create | Fishing Ship |
| 26:58 | Create | Fishing Ship |
| 26:58 | Create | Fishing Ship |
| 27:25 | Build | Castle |
| 27:42 | Research | Imperial Age |
| 28:27 | Create | Fishing Ship |
| 28:27 | Create | Fishing Ship |
| 29:27 | Build | Castle |
| 30:04 | Create | Unit 2626 |
| 30:13 | Build | Mining Camp |
| 30:18 | Research | Gold Mining |
| 30:52 | Age | Imperial Age |
| 30:52 | Create | Trebuchet (Packed) |
| 30:56 | Create | Trebuchet (Packed) |
| 31:09 | Research | Bracer |
| 31:13 | Research | Blast Furnace |
| 31:19 | Build | University |
Build order — 1987
147 actions detected in the replay
| 0:30 | Build | Town Center |
| 2:21 | Create | Villager (Male) |
| 2:22 | Create | Villager (Male) |
| 2:22 | Create | Villager (Male) |
| 2:22 | Create | Villager (Male) |
| 2:23 | Create | Villager (Male) |
| 3:46 | Build | Dock |
| 4:22 | Create | Villager (Male) |
| 4:22 | Create | Villager (Male) |
| 5:00 | Create | Villager (Male) |
| 5:00 | Create | Villager (Male) |
| 5:13 | Create | Fishing Ship |
| 5:13 | Create | Fishing Ship |
| 5:23 | Create | Villager (Male) |
| 5:24 | Create | Villager (Male) |
| 5:42 | Create | Villager (Male) |
| 5:43 | Create | Villager (Male) |
| 6:17 | Create | Villager (Male) |
| 6:17 | Create | Villager (Male) |
| 6:29 | Create | Fishing Ship |
| 6:29 | Create | Fishing Ship |
| 6:29 | Create | Fishing Ship |
| 6:55 | Create | Villager (Male) |
| 6:55 | Create | Villager (Male) |
| 7:02 | Create | Villager (Male) |
| 7:02 | Create | Villager (Male) |
| 7:46 | Create | Villager (Male) |
| 8:18 | Create | Villager (Male) |
| 8:18 | Create | Villager (Male) |
| 8:27 | Create | Villager (Male) |
| 8:27 | Create | Villager (Male) |
| 8:28 | Create | Villager (Male) |
| 8:28 | Create | Villager (Male) |
| 9:16 | Build | Mining Camp |
| 9:21 | Create | Villager (Male) |
| 9:21 | Create | Villager (Male) |
| 9:46 | Create | Villager (Male) |
| 10:00 | Create | Villager (Male) |
| 10:36 | Research | Feudal Age |
| 10:37 | Research | Feudal Age |
| 10:54 | Build | Outpost |
| 10:56 | Build | Outpost |
| 10:58 | Build | Outpost |
| 11:02 | Research | Loom |
| 11:41 | Build | Outpost |
| 12:08 | Create | Villager (Male) |
| 12:20 | Build | Outpost |
| 12:46 | Age | Feudal Age |
| 13:00 | Build | Blacksmith |
| 13:30 | Build | Mill |
| 13:37 | Create | Villager (Male) |
| 14:17 | Build | Market |
| 14:36 | Build | Palisade Gate |
| 15:42 | Research | Castle Age |
| 15:42 | Research | Castle Age |
| 15:42 | Research | Castle Age |
| 15:52 | Build | Watch Tower |
| 16:10 | Build | Watch Tower |
| 16:15 | Build | Palisade Gate |
| 16:19 | Build | Palisade Gate |
| 16:36 | Build | Barracks |
| 17:05 | Create | Demolition Raft |
| 17:05 | Create | Demolition Raft |
| 17:05 | Create | Demolition Raft |
| 17:06 | Create | Demolition Raft |
| 17:15 | Create | Villager (Male) |
| 17:16 | Create | Villager (Male) |
| 17:16 | Create | Villager (Male) |
| 18:00 | Create | Villager (Male) |
| 18:22 | Age | Castle Age |
| 18:44 | Build | Castle |
| 18:52 | Build | Palisade Gate |
| 18:59 | Build | Stone Wall |
| 19:40 | Create | Villager (Male) |
| 19:49 | Build | Castle |
| 20:02 | Build | Gate |
| 20:15 | Build | Palisade Gate |
| 20:35 | Create | Villager (Male) |
| 20:35 | Create | Villager (Male) |
| 20:44 | Create | Demolition Raft |
| 20:45 | Create | Demolition Raft |
| 20:45 | Create | Demolition Raft |
| 20:45 | Create | Demolition Raft |
| 20:50 | Create | Demolition Raft |
| 20:51 | Create | Demolition Raft |
| 20:51 | Create | Demolition Raft |
| 21:00 | Create | Fire Galley |
| 21:00 | Create | Fire Galley |
| 21:01 | Create | Fire Galley |
| 21:01 | Create | Fire Galley |
| 21:01 | Create | Fire Galley |
| 21:01 | Create | Fire Galley |
| 22:00 | Build | Stone Wall |
| 22:02 | Build | Stone Wall |
| 22:03 | Build | Stone Wall |
| 22:11 | Build | Stone Wall |
| 22:12 | Build | Stone Wall |
| 22:13 | Build | Stone Wall |
| 22:13 | Build | Stone Wall |
| 22:14 | Build | Stone Wall |
| 22:23 | Build | Mining Camp |
| 22:24 | Create | Villager (Male) |
| 22:24 | Create | Villager (Male) |
| 23:15 | Create | Fire Galley |
| 23:16 | Create | Villager (Male) |
| 23:16 | Create | Villager (Male) |
| 23:43 | Create | Demolition Raft |
| 23:43 | Create | Demolition Raft |
| 23:47 | Create | Fishing Ship |
| 23:47 | Create | Fishing Ship |
| 24:30 | Create | Fire Galley |
| 24:30 | Create | Fire Galley |
| 25:12 | Create | Villager (Male) |
| 25:12 | Create | Villager (Male) |
| 25:20 | Create | Fishing Ship |
| 25:20 | Create | Fishing Ship |
| 25:21 | Create | Fishing Ship |
| 26:10 | Create | Villager (Male) |
| 26:39 | Create | Fishing Ship |
| 26:39 | Create | Fishing Ship |
| 27:05 | Build | Castle |
| 27:32 | Build | Palisade Gate |
| 27:40 | Create | Villager (Male) |
| 27:43 | Build | Palisade Wall |
| 27:44 | Build | Palisade Wall |
| 27:50 | Build | Palisade Wall |
| 27:51 | Build | Palisade Wall |
| 28:00 | Create | Demolition Raft |
| 28:03 | Create | Fishing Ship |
| 28:03 | Create | Fishing Ship |
| 28:35 | Build | Mining Camp |
| 29:02 | Create | Villager (Male) |
| 29:02 | Create | Villager (Male) |
| 29:22 | Create | Villager (Male) |
| 29:22 | Create | Villager (Male) |
| 30:24 | Create | Villager (Male) |
| 30:24 | Create | Villager (Male) |
| 30:25 | Create | Villager (Male) |
| 30:35 | Build | Gate |
| 30:42 | Build | Palisade Wall |
| 30:43 | Build | Palisade Wall |
| 30:52 | Build | Gate |
| 30:56 | Create | Villager (Male) |
| 30:56 | Create | Villager (Male) |
| 31:16 | Build | Lumber Camp |
| 31:28 | Create | Villager (Male) |
| 31:29 | Create | Villager (Male) |
Match timeline
| 1:14 | Mobilli93 · first_building Dock |
| 3:46 | 1987 · first_building Dock |
| 12:46 | 1987 · age_up feudal |
| 14:39 | Mobilli93 · first_building Barracks |
| 15:42 | Mobilli93 · age_up feudal |
| 16:36 | 1987 · first_building Barracks |
| 17:31 | Mobilli93 · first_building Stable |
| 18:22 | 1987 · age_up castle |
| 18:30 | 1987 · first_market_buy 100 stone |
| 18:44 | 1987 · first_building Castle |
| 18:59 | 1987 · wall_segment Stone Wall x1 |
| 21:09 | Mobilli93 · age_up castle |
| 21:36 | Mobilli93 · first_building Siege Workshop |
| 22:00 | 1987 · wall_segment Stone Wall x1 |
| 22:02 | 1987 · wall_segment Stone Wall x1 |
| 22:03 | 1987 · wall_segment Stone Wall x1 |
| 22:11 | 1987 · wall_segment Stone Wall x1 |
| 22:12 | 1987 · wall_segment Stone Wall x1 |
| 22:13 | 1987 · wall_segment Stone Wall x1 |
| 22:13 | 1987 · wall_segment Stone Wall x1 |
| 22:14 | 1987 · wall_segment Stone Wall x1 |
| 25:13 | Mobilli93 · first_building Castle |
| 27:14 | Mobilli93 · first_market_sell 100 food |
| 27:16 | Mobilli93 · first_market_buy 100 stone |
| 27:43 | 1987 · wall_segment Palisade Wall x1 |
| 27:44 | 1987 · wall_segment Palisade Wall x1 |
| 27:50 | 1987 · wall_segment Palisade Wall x1 |
| 27:51 | 1987 · wall_segment Palisade Wall x1 |
| 30:42 | 1987 · wall_segment Palisade Wall x1 |
| 30:43 | 1987 · wall_segment Palisade Wall x1 |
| 30:52 | Mobilli93 · age_up imperial |
| 31:33 | 1987 · resign |
[ AI ANALYSIS · 1 CREDIT ]
What really happened in this match?
Wolo.gg analyzes every decision: build order, eco, micro, common mistakes by bracket. Personalized analysis on WhatsApp or Discord in 30 seconds.
Civ guide
Spanish
Perfil
Mobilli93